 Dungeon Crawl Stone Soup version 0.31-a0-521-gc7390f8997 (webtiles) character file.

Game seed: 17813671780604102972

13864 pascalblue the Thaumaturge (level 11, -2/54 HPs)
             Began as a Deep Elf Conjurer on Aug 9, 2023.
             Was a Priest of Sif Muna.
             Slain by Snorg (12 damage)
             ... on level 10 of the Dungeon on Aug 10, 2023.
             The game lasted 01:06:46 (12512 turns).

pascalblue the Thaumaturge (Deep Elf Conjurer)     Turns: 12512, Time: 01:06:47

Health: -2/54      AC:  9    Str:  4    XL:     11   Next: 81%
Magic:  5/30       EV: 13    Int: 28    God:    Sif Muna [***...]
Gold:   713        SH:  5    Dex: 18    Spells: 11/36 levels left

rFire   + . .        x - +9 great sword "Eraky" {elec, rElec}
rCold   x . .        (shield currently unavailable)
rNeg    + . .        E - +1 robe of Cogit {*Slow rPois Dex+5 SInv}
rPois   +            g - +0 helmet
rElec   +            d - +2 cloak
rCorr   .            m - +1 pair of gloves
SInv    +            (no boots)
Will    +....        I - amulet of reflection
Stlth   ++           o - ring of positive energy
HPRegen 0.29/turn    s - ring of fire
MPRegen 0.22/turn

%: slow self (1%), reflection
@: no status effects
A: no striking features
a: Renounce Religion, Channel Magic, Forget Spell


You were on level 10 of the Dungeon.
You worshipped Sif Muna.
Sif Muna was most pleased with you.
You visited 2 branches of the dungeon, and saw 12 of its levels.
You also visited: Sewer and Bailey.

You collected 1193 gold pieces.
You spent 480 gold pieces at shops.

Inventory:

Hand Weapons
 i - the +5 rapier of Karma {heavy, rElec rC- Dex+4}
   (You found it on level 9 of the Dungeon)

   Dex+4:     It affects your dexterity (+4).
   rC-:       It makes you vulnerable to cold.
   rElec:     It insulates you from electricity.
 x - the +9 great sword "Eraky" (weapon) {elec, rElec}
   (You found it on level 10 of the Dungeon)

   rElec:     It insulates you from electricity.
 y - the +3 sling of Boatugh {heavy, Dex+6}
   (You found it on level 4 of the Dungeon)

   Dex+6:     It affects your dexterity (+6).
 G - the +3 hammer of Piphiyff {protect, *Corrode rPois Will+}
   (You found it on level 6 of the Dungeon)

   rPois:     It protects you from poison Will+: It increases your willpower.
   *Corrode:  It may corrode you when you take damage.
 H - a +2 quarterstaff of chaos
 P - a +9 heavy spear
Missiles
 e - 121 stones
 r - a throwing net
Armour
 d - a +2 cloak (worn)
 g - a +0 helmet (worn)
 m - a +1 pair of gloves (worn)
 E - the +1 robe of Cogit (worn) {*Slow rPois Dex+5 SInv}
   (You found it on level 6 of the Dungeon)

   Dex+5:     It affects your dexterity (+5).
   rPois:     It protects you from poison SInv: It lets you see invisible.
   *Slow:     It may slow you when you take damage.
Magical Staves
 k - a staff of death
Jewellery
 c - an amulet of guardian spirit
 h - an amulet of regeneration
 l - a ring of protection from fire
 o - a ring of positive energy (left hand)
 s - a ring of fire (right hand)
 w - a ring of ice
 C - a ring of poison resistance
 F - a ring of protection from cold
 I - an amulet of reflection (around neck)
Wands
 a - a wand of light (3)
 p - a wand of polymorph (1)
 J - a wand of digging (6)
 K - a wand of charming (3)
 Q - a wand of mindburst (15)
 S - a wand of roots (16)
Scrolls
 v - 3 scrolls of revelation
Potions
 b - a potion of magic
 j - 3 potions of curing
 n - a potion of lignification
 q - 2 potions of enlightenment {unknown}
 u - a potion of haste {unknown}
 z - 6 potions of mutation
 A - 2 potions of brilliance {unknown}
 B - 2 potions of attraction {unknown}
 D - a potion of ambrosia {unknown}
 L - a potion of heal wounds {unknown}
 N - a potion of might {unknown}
 O - a potion of resistance {unknown}


   Skills:
 - Level 2.4 Dodging
 - Level 2.4 Stealth
 * Level 13.4 Spellcasting
 + Level 11.7 Conjurations
 + Level 10.0 Hexes
 + Level 6.5 Summonings
 - Level 5.0 Necromancy
 + Level 6.2 Translocations
 + Level 3.4 Transmutations
 + Level 3.3 Invocations


You had 11 spell levels left.
You knew the following spells:

 Your Spells              Type           Power      Damage    Failure   Level
a - Magic Dart            Conj           100%       1d8       1%          1
b - Searing Ray           Conj           100%       2d8       1%          2
c - Sublimation of Blood  Necr           46%        N/A       1%          2
d - Fulminant Prism       Conj/Hex       34%        3d16      1%          4
e - Call Imp              Summ           100%       N/A       1%          2
f - Iskenderun's Mystic   Conj/Tloc      62%        2d13      1%          4
g - Summon Forest         Summ/Tloc      26%        N/A       6%          5
h - Irradiate             Conj/Tmut      28%        3d21      3%          5

Your spell library contained the following spells:

 Spells                   Type           Power      Damage    Failure   Level
 Apportation              Tloc           100%       N/A       1%          1
 Necrotise                Necr           100%       1d9       1%          1
 Summon Small Mammal      Summ           100%       N/A       1%          1
 Ensorcelled Hibernation  Hex/Ice        92%        N/A       1%          2
 Passwall                 Tmut/Erth      23%        N/A       1%          2
 Wereblood                Tmut           38%        N/A       1%          2
 Dazzling Flash           Conj/Hex       100%       N/A       1%          3
 Mephitic Cloud           Conj/Pois/Air  40%        N/A       1%          3
 Swiftness                Air            18%        N/A       9%          3
 Petrify                  Tmut/Erth      28%        N/A       14%         4
 Alistair's Intoxication  Tmut/Pois      18%        N/A       36%         5
 Summon Hydra             Summ           26%        N/A       86%         7
 Eringya's Noxious Bog    Tmut/Pois      14%        4d6       91%         6


Dungeon Overview and Level Annotations

Branches:
Dungeon (11/15)            Temple (1/1) D:7            Lair (0/5) D:8
    Orc (0/2) D:11          Sewer (visited)          Bailey (visited)

Altars:
Ashenzari
Cheibriados
Dithmenos
Elyvilon
Fedhas
Gozag
Kikubaaqudgha
Makhleb
Nemelex Xobeh
Okawaru
Qazlal
Ru
Sif Muna
Trog
Uskayaw
Vehumet
Wu Jian
Xom
Yredelemnul
Zin
The Shining One

Shops:
D:5 *(   D:10 *

Annotations:
D:3 3 runed translucent doors, bmack86's ghost, amateur MiFi
D:10 Fannar; Snorg
D:11 exclusion: obsidian statue


Message History

Confirm with . or Enter, or press ? or * to list all spells.
You erupt in a blast of force!
The mystic blast hits Fannar.
Fannar is moderately wounded.
Fannar is knocked back by the mystic blast.
The mystic blast hits the troll!
The troll is almost dead.
The troll is knocked back by the mystic blast.
As you read the scroll of teleportation, it crumbles to dust.
You feel strangely unstable.
Casting: Iskenderun's Mystic Blast (dangerous; 1% risk of failure)
Confirm with . or Enter, or press ? or * to list all spells.
Aiming: Fulminant Prism (safe; 1% risk of failure)
Press: ? - help, Dir - move target You conjure a prism of explosive energy!
A fulminant prism comes into view.
Unknown command.
Casting: Fulminant Prism (safe; 1% risk of failure)
Confirm with . or Enter, or press ? or * to list all spells.
You erupt in a blast of force!
The mystic blast hits Fannar!
Fannar is moderately wounded.
Fannar is knocked back by the mystic blast.
The mystic blast hits the troll!
You kill the troll!
Sif Muna accepts your kill.
The troll leather armour is intact enough to wear.
Your surroundings suddenly seem different.
You hear a loud crackle.
Casting: Iskenderun's Mystic Blast (dangerous; 1% risk of failure)
Confirm with . or Enter, or press ? or * to list all spells.
You erupt in a blast of force!
The mystic blast hits Snorg!
Snorg is lightly wounded.
Snorg is knocked back by the mystic blast.
Okay, then.
Snorg goes berserk!
Snorg attacks as you move away! You block Snorg's attack. Snorg claws you.
* * * LOW HITPOINT WARNING * * *
Snorg claws you.
* * * LOW HITPOINT WARNING * * *
Snorg bites you!
You die...

# ##....# ##.######## #..####
#>.# ###'###### ##.##
###........# #..# ####
#.'........# ######'####
...###.#........# #.........#
...'...#........# #.........#
..)#####....>...#####.........#
...# #.......T@..##.........#
...# #........##.##.........#
...# #........##.##<........#
...# ###########..'.........#
...# ####.........# ####
#.........# ###########


You could see Snorg (berserk).

Vanquished Creatures
  2 two-headed ogres
  Lodul (D:10)
  An orc knight (Bailey)
  Maurice (D:9)
  An unseen horror (D:10)
  Maggie (D:7)
  A hornet (D:8)
  3 trolls
  A shadow (D:11)
  A wraith (D:10)
  5 wyverns
  13 yaks
  A basilisk (D:8)
  A warg (D:11)
  An acid dragon (D:10)
  7 water moccasins
  3 sky beasts
  Pargi (Sewer)
  8 orc warriors
  3 black bears
  10 ogres
  5 centaurs
  3 wolves
  A phantom (D:6)
  2 kobold brigands (D:9)
  A bullfrog (D:8)
  8 scorpions
  A gnoll sergeant (D:8)
  4 wights (D:8)
  8 killer bees
  4 howler monkeys
  Crazy Yiuf (D:6)
  8 orc priests
  A gnoll bouda (D:8)
  5 hounds
  4 jellies
  A sleepcap (D:7)
  5 iguanas
  12 orc wizards
  7 gnolls
  12 adders
  A white imp (D:8)
  An ufetubus (D:4)
  2 worms
  2 dart slugs (D:1)
  54 orcs
  5 bats
  9 endoplasms
  A giant cockroach (Sewer)
  6 hobgoblins
  4 jackals
  17 kobolds
  4 quokkas
  8 ball pythons
  3 frilled lizards
  6 goblins
  3 rats
  19 fulminant prisms
304 creatures vanquished.

Vanquished Creatures (collateral kills)
  A yak (D:10)
  A wyvern (D:10)
2 creatures vanquished.

Vanquished Creatures (others)
  68 fulminant prisms
68 creatures vanquished.

Grand Total: 374 creatures vanquished

Notes
Turn   | Place    | Note
-------+----------+-------------------------------------------
     0 | D:1      | pascalblue the Deep Elf Conjurer began the quest for the
                  | Orb.
     0 | D:1      | Reached XP level 1. HP: 10/10 MP: 6/6
   197 | D:1      | Reached XP level 2. HP: 15/15 MP: 6/8
   199 | D:1      | Reached skill level 5 in Conjurations
   202 | D:1      | Learned a level 2 spell: Searing Ray
   419 | D:1      | Learned a level 2 spell: Sublimation of Blood
   703 | D:1      | Reached XP level 3. HP: 19/19 MP: 7/9
  1343 | D:2      | Reached skill level 1 in Necromancy
  1659 | D:2      | Reached XP level 4. HP: 24/24 MP: 5/11
  1763 | D:2      | Reached skill level 4 in Spellcasting
  2315 | D:3      | Found a runed translucent gate.
  2315 | D:3      | Found a runed translucent gate.
  2315 | D:3      | Found a runed translucent gate.
  2460 | D:3      | Reached XP level 5. HP: 17/28 MP: 2/14
  2639 | D:3      | Noticed bmack86's ghost (amateur MiFi)
  2929 | D:4      | Reached skill level 5 in Spellcasting
  3090 | D:4      | Reached XP level 6. HP: 28/32 MP: 11/16
  3198 | D:4      | Reached skill level 6 in Spellcasting
  3480 | D:4      | Reached XP level 7. HP: 36/36 MP: 13/19
  3658 | D:4      | Reached skill level 7 in Spellcasting
  3879 | D:4      | Identified the +3 sling of Boatugh {heavy, Dex+6}
  4070 | D:5      | Entered Level 5 of the Dungeon
  4096 | D:5      | Found Cuats's Assorted Antiques.
  4104 | D:5      | Found Efepheuco's Antique Weapon Shoppe.
  4380 | D:5      | Found a bloodstained altar of Trog.
  4496 | D:5      | Reached skill level 8 in Spellcasting
  4496 | D:5      | Reached XP level 8. HP: 41/41 MP: 7/22
  4501 | D:5      | Learned a level 4 spell: Fulminant Prism
  4504 | D:5      | Learned a level 2 spell: Call Imp
  4509 | D:5      | Learned a level 4 spell: Iskenderun's Mystic Blast
  4717 | D:5      | Reached skill level 1 in Hexes
  4784 | D:5      | Found a sacrificial altar of Ru.
  4784 | D:5      | Found a snail-covered altar of Cheibriados.
  4905 | D:5      | Reached skill level 1 in Summonings
  4988 | D:6      | Found a runed translucent door.
  4989 | D:6      | Noticed Crazy Yiuf
  5047 | D:6      | Killed Crazy Yiuf
  5051 | D:6      | Identified the +3 hammer of Piphiyff {protect, *Corrode
                  | rPois Will+}
  5126 | D:6      | Reached skill level 1 in Translocations
  5346 | D:6      | Found a white marble altar of Elyvilon.
  5500 | D:6      | Found a glowing drain.
  5512 | Sewer    | Entered a sewer
  5559 | Sewer    | Noticed Pargi
  5567 | Sewer    | Killed Pargi
  5568 | Sewer    | Reached skill level 5 in Necromancy
  5926 | D:6      | Reached skill level 9 in Spellcasting
  6310 | D:6      | Identified the +1 robe of Cogit {*Slow rPois Dex+5 SInv}
  6434 | D:6      | Found a broken altar of Ashenzari.
  6514 | D:7      | Noticed Maggie
  6532 | D:7      | Killed Maggie
  6533 | D:7      | Reached XP level 9. HP: 19/45 MP: 10/24
  6758 | D:7      | Found an ancient bone altar of Kikubaaqudgha.
  6849 | D:7      | Reached skill level 5 in Hexes
  6849 | D:7      | HP: 1/45 [centaur/arrow (14)]
  6985 | D:7      | Found a stormy altar of Qazlal.
  7278 | D:7      | Reached skill level 10 in Spellcasting
  7544 | D:7      | Found a staircase to the Ecumenical Temple.
  7583 | Temple   | Entered the Ecumenical Temple
  7602 | Temple   | Became a worshipper of Sif Muna the Loreminder
  7924 | D:8      | Reached skill level 10 in Conjurations
  7941 | D:8      | Reached * piety under Sif Muna
  7942 | D:8      | Reached XP level 10. HP: 50/50 MP: 5/26
  8049 | D:8      | Reached skill level 11 in Spellcasting
  8273 | D:8      | Paralysed by a hornet for 1 turns
  8362 | D:8      | Found an ornate altar of the Wu Jian Council.
  8417 | D:8      | Found a staircase to the Lair.
  8457 | D:8      | Found a flagged portal.
  8482 | Bailey   | Entered a bailey
  8766 | Bailey   | Noticed an orc knight
  8786 | Bailey   | Killed an orc knight
  9005 | D:8      | Reached ** piety under Sif Muna
  9223 | D:8      | Noticed a two-headed ogre
  9228 | D:8      | Killed a two-headed ogre
  9229 | D:8      | Reached skill level 12 in Spellcasting
  9229 | D:8      | Reached skill level 5 in Summonings
  9235 | D:8      | Learned a level 5 spell: Summon Forest
  9241 | D:8      | Learned a level 5 spell: Irradiate
  9566 | D:9      | Reached skill level 5 in Translocations
  9716 | D:8      | Upgraded the game from 0.31-a0-507-gbafd7f5274 to
                  | 0.31-a0-521-gc7390f8997
  9826 | D:9      | Reached XP level 11. HP: 24/54 MP: 17/29
  9895 | D:9      | Noticed Maurice
  9900 | D:9      | Reached skill level 1 in Transmutations
  9907 | D:9      | Killed Maurice
  9908 | D:9      | Reached skill level 1 in Invocations
 10351 | D:9      | Identified the +5 rapier of Karma {heavy, rElec rC- Dex+4}
 10733 | D:10     | Entered Level 10 of the Dungeon
 10792 | D:10     | Noticed a two-headed ogre
 10800 | D:10     | Killed a two-headed ogre
 11125 | D:10     | Noticed Lodul
 11127 | D:10     | Reached *** piety under Sif Muna
 11143 | D:10     | Killed Lodul
 11283 | D:10     | Identified the +9 great sword "Eraky" {elec, rElec}
 11316 | D:10     | Reached skill level 13 in Spellcasting
 11364 | D:10     | Found Puvorer's Neck Hole.
 11373 | D:10     | Bought an amulet of reflection for 480 gold pieces
 11871 | D:10     | Found a hide-covered altar of Uskayaw.
 12025 | D:11     | Noticed Snorg
 12373 | D:11     | Found a staircase to the Orcish Mines.
 12383 | D:11     | Noticed an obsidian statue
 12388 | D:11     | Noticed a sun demon
 12403 | D:11     | Noticed Fannar
 12410 | D:11     | Reached skill level 10 in Hexes
 12512 | D:10     | Slain by Snorg

Illustrated notes

Levels and vault maps discovered:
D:1:      dpeg_arrival_round_b, layout_loops_ring, minmay_cupped
D:2:      layout_basic, chequers_serial_rivers_small_3, kennysheep_cross_room
D:3:      layout_basic, gammafunk_ghost_icy
D:4:      old_forge, layout_rooms, kennysheep_small_spiral
D:5:      layout_cave_pools, kennysheep_mini_moat,
          gammafunk_temple_overflow_wave, serial_shops, shop, nicolae_shop_trees
D:6:      layout_loops_ring, mainiacjoe_overflow_tiny_flanked,
          lemuel_doored_altar, portal_sewer_entry_d, corexii_hall_statues_l,
          columned_hall_lemuel, st_stairs_2, uniq_crazy_yiuf_cottage
D:7:      layout_basic, nicolae_qazlal_general_emergency,
          kiku_gazebo_pond_becter, temple_green, kennysheep_generic_room_9,
          uniq_maggie
D:8:      layout_rooms, mainiacjoe_overflow_catwalk, minmay_lair_entry_grove,
          enter_bailey_6
D:9:      layout_rooms, nicolae_overflow_hidden_temple, uniq_maurice
D:10:     layout_roguey, nicolae_uskayaw_suspiria,
          nicolae_shop_sticking_my_neck_out, uniq_lodul
D:11:     layout_irregular_city, david_orc_3, minivault_16, uniq_fannar,
          uniq_josephine, uniq_snorg
Temple:   nicolae_temple_slightly_damp_pantheon

Skill      XL: |  1  2  3  4  5  6  7  8  9 10 11 |
---------------+----------------------------------+-----
Conjurations   | 5 6 7 8 9 10 11 | 11.7
Necromancy     | 1 2 3 4 5 |  5.0
Spellcasting   | 4 5 6 8 9 10 12 13 | 13.4
Hexes          | 4 7 9 10 | 10.0
Summonings     | 2 4 5 6 |  6.5
Translocations | 2 3 5 6 |  6.2
Transmutations | 3 |  3.4
Invocations    | 3 |  3.3
Dodging        | |  2.4
Stealth        | |  2.4

Action                     |  1- 3 |  4- 6 |  7- 9 | 10-12 || total
---------------------------+-------+-------+-------+-------++-------
  Melee: Short sword       |       |    10 |       |       ||    10
         Staff             |       |       |     4 |       ||     4
         Unarmed           |       |       |       |     9 ||     9
         Spear             |       |       |       |     3 ||     3
         Great sword       |       |       |       |     2 ||     2
   Cast: Magic Dart        |    65 |    66 |   169 |    91 ||   391
         Searing Ray       |       |     8 |    46 |    58 ||   112
         Fulminant Prism   |       |       |     8 |    80 ||    88
         Sublimation of Bl |       |       |     2 |    19 ||    21
         Iskenderun's Myst |       |       |       |    13 ||    13
         Call Imp          |       |       |       |     4 ||     4
 Invoke: Channel Magic     |       |       |       |     1 ||     1
    Use: Scroll            |     4 |       |     7 |    11 ||    22
         Potion            |       |       |     3 |       ||     3
 Armour: Robe              |     6 |     7 |    13 |    39 ||    65
  Dodge: Dodged            |     5 |    12 |    61 |   117 ||   195
  Block: Other             |       |       |       |     2 ||     2

Table legend: (Time is in decaauts)
 A = Elapsed time spent in this place.
 B = Non-inter-level travel time spent in this place.
 C = Inter-level travel time spent in this place.
 D = Time resting spent in this place.
 E = Time spent auto-exploring this place.
 F = Levels seen in this place.
 G = Mean time per level.
                   A        B        C        D        E       F      G
               +--------+--------+--------+--------+--------+-----+--------+
         Total |  12533 |  12292 |    241 |   1671 |   8330 |  14 |  895.2 |
       Dungeon |  11688 |  11466 |    222 |   1595 |   7863 |  11 | 1062.5 |
        Temple |     38 |     19 |     19 |      0 |      0 |   1 |   38.0 |
         Sewer |    312 |    312 |      0 |      0 |    210 |   1 |  312.0 |
        Bailey |    492 |    492 |      0 |     76 |    256 |   1 |  492.0 |
               +--------+--------+--------+--------+--------+-----+--------+

Top non-repeatable levels by time:
    D:10: 1705 daAuts
     D:7: 1635 daAuts
     D:6: 1249 daAuts
     D:4: 1149 daAuts
     D:1: 1058 daAuts
     D:8: 1054 daAuts
     D:9: 1007 daAuts
     D:2: 993 daAuts
     D:5: 889 daAuts
     D:3: 868 daAuts
  Bailey: 492 daAuts
   Sewer: 312 daAuts
    D:11: 77 daAuts
  Temple: 38 daAuts
